 Dungeon Crawl Stone Soup version 0.30.0-29-ga12c61a403 (webtiles) character file.

Game seed: 13737788863922824502

7 AgateBread the Chiller (level 2, 0/22 HPs)
             Began as a Ghoul Ice Elementalist on June 23, 2023.
             Slain by a kobold
             ... wielding a +0 club
              (4 damage)
             ... on level 1 of the Dungeon.
             The game lasted 00:03:45 (122 turns).

AgateBread the Chiller (Ghoul Ice Elementalist)      Turns: 122, Time: 00:03:46

Health: 0/22       AC:  2    Str: 11    XL:     2   Next: 4%
Magic:  0/3        EV: 11    Int: 10    God:
Gold:   0          SH:  5    Dex:  9    Spells: 3/4 levels left

rFire   . . .        (no weapon)
rCold   + . .        c - +2 buckler
rNeg    + + +        a - +0 robe
rPois   ∞            (no helmet)
rElec   .            (no cloak)
rCorr   .            (no gloves)
SInv    .            (no boots)
Will    .....        (no amulet)
Stlth   ++           (no ring)
HPRegen 0.00/turn    (no ring)
MPRegen 0.08/turn

%: no passive effects
@: inhibited regen
A: claws 1, cold resistance 1, negative energy resistance 3, inhibited
regeneration, torment resistance 2, devour on kill
a: no special abilities


You were on level 1 of the Dungeon.
You visited 1 branch of the dungeon, and saw 1 of its levels.

Inventory:

Hand Weapons
 d - a +0 lajatang
Armour
 a - a +0 robe (worn)
 c - a +2 buckler (worn)
Potions
 b - a potion of magic
 e - a potion of curing {unknown}


   Skills:
 - Level 0.3 Fighting
 - Level 1.7 Dodging
 - Level 2.1 Stealth
 + Level 0.4 Shields
 + Level 0.8 Unarmed Combat
 - Level 1.7 Spellcasting
 + Level 4.5 Ice Magic


You had 3 spell levels left.
You knew the following spells:

 Your Spells              Type           Power      Damage    Failure   Level
a - Freeze                Ice            36%        1d5       8%          1

Your spell library contained the following spells:

 Spells                   Type           Power      Damage    Failure   Level
 Frozen Ramparts          Ice            18%        1d3       22%         3
 Ozocubu's Armour         Ice            9%         N/A       22%         3
 Summon Ice Beast         Ice/Summ       5%         N/A       88%         4


Dungeon Overview and Level Annotations

Branches:
Dungeon (1/15)

Altars:


Innate Abilities, Weirdness & Mutations

You are immune to poison.
You have sharp fingernails.
Your flesh is cold resistant. (rC+)
You are immune to negative energy. (rN+++)
You do not regenerate when monsters are visible.
You are immune to unholy pain and torment.
You thrive by killing the living.


Message History

The bat hits you but does no damage. You block the hobgoblin's attack.
You barely miss the hobgoblin.
The hobgoblin is almost dead.
The bat closely misses you. The hobgoblin closely misses you.
You scratch the hobgoblin.
You kill the hobgoblin!
You block the bat's attack.
Aiming: Freeze (safe; 8% risk of failure)
Press: ? - help, Q - select action Shift-Dir - straight line, f - hobgoblin
Aim: a hobgoblin You miscast Freeze.
You are very lightly contaminated with residual magic.
Nothing appears to happen.
The bat closely misses you. The hobgoblin misses you.
Aiming: Freeze (safe; 8% risk of failure)
Press: ? - help, Q - select action Shift-Dir - straight line, f/p - hobgoblin
Aim: a hobgoblin You freeze the hobgoblin.
The hobgoblin is moderately wounded.
You block the bat's attack. The hobgoblin misses you.
You scratch the hobgoblin.
You kill the hobgoblin!
You feel better. The bat barely misses you. The bat closely misses you.
You have reached level 2!
You barely miss the kobold. The bat hits you but does no damage.
The bat barely misses you. The kobold barely misses you.
Press: ? - help, v - describe, . - travel, g - get item
Here: a kobold, wielding a +0 club and quivering stones Item here: a hobgoblin corpse.
The floor, spattered with blood.
You closely miss the kobold. The bat hits you.
The kobold hits you with a +0 club.
* * * LOW HITPOINT WARNING * * *
You completely miss the kobold. The bat closely misses you.
The kobold barely misses you.
You scratch the kobold but do no damage.
The bat hits you but does no damage. You block the kobold's attack.
Your magical contamination has completely faded away.
You closely miss the kobold. The kobold hits you with a +0 club.
You die...

....####.#..).......#.....>.##P~~
.#.............###..#.b..... ##PP
.#...r.....###.# .......... ###
.#.........# #.# ... ...........#
#.. .. ........K..# #.##
.#r........#####
.............########...
#.#####.####..gK@b...... #.# #..#
##..##....... #.# #.## ####
....... ... .. (...... ... ...
....... .. ...# ....... ....
......# #######


You could see a goblin, a bat and a kobold.

Vanquished Creatures
  An endoplasm (D:1)
  A goblin (D:1)
  2 hobgoblins (D:1)
  A kobold (D:1)
  A rat (D:1)
6 creatures vanquished.

Notes
Turn   | Place    | Note
-------+----------+-------------------------------------------
     0 | D:1      | AgateBread the Ghoul Ice Elementalist began the quest for
                  | the Orb.
     0 | D:1      | Reached XP level 1. HP: 14/14 MP: 2/2
   118 | D:1      | Reached XP level 2. HP: 9/22 MP: 0/3
   122 | D:1      | Slain by a kobold

Illustrated notes

Levels and vault maps discovered:
D:1:      psy_arrival_terrarium, layout_rooms

Action                     || total
---------------------------++-------
  Melee: Unarmed           ||    23
   Cast: Freeze            ||     4
 Armour: Robe              ||    10
  Dodge: Dodged            ||    25
  Block: Buckler           ||     5
